Capitals vs Bruins

Created - January 28 2007 at 13:06

Goals
1 2 3 T
Capitals 2 0 1 3
Bruins 1 1 2 4
Shots
1 2 3 T
Capitals 10 9 12 31
Bruins 14 11 24 49

Period #1

1. Bruins , Rostislav Klesla 6 (Paul Mara, Patrice Bergeron) at 3:35 (PP)
2. Capitals , Shaone Morrisonn 5 (Patrik Stefan, Rene Bourque) at 4:02
3. Capitals , Brian Sutherby 6 (Shaone Morrisonn) at 9:28

Penalities :
Rick Nash (BOS) for Clipping (Minor) at 0:26, Rene Bourque (WSH) for Slashing (Minor) at 2:59, Jay McKee (BOS) for Cross-checking (Minor) at 4:11, Dainius Zubrus (WSH) for Holding (Minor) at 4:11, Chris Clark (WSH) for Elbowing (Minor) at 6:37, Ben Clymer (WSH) for Charging (Minor) at 9:01, Rick Nash (BOS) for Kneeing (Major) at 9:20, Bryan Muir (WSH) for Delaying the game (Minor) at 17:46, Brooks Laich (WSH) for Holding (Minor) at 19:48

Period #2

4. Bruins , P.J. Axelsson 6 (Mattias Norstrom, Shean Donovan) at 18:15

Penalities :
Jay McKee (BOS) for Hooking (Minor) at 7:14, Trent Hunter (WSH) for Boarding (Minor) at 8:08, Brian Leetch (BOS) for Elbowing (Minor) at 10:22, Brooks Laich (WSH) for Interference (Minor) at 10:22, Trent Hunter (WSH) for Charging (Minor) at 13:19

Period #3

5. Capitals , Patrik Stefan 13 (Trent Hunter) at 7:07
6. Bruins , Sean Avery 3 (Shean Donovan, Mattias Norstrom) at 7:33
7. Bruins , Rick Nash 14 (Brian Leetch, Glen Murray) at 11:49 (PP)

Penalities :
Pavel Datsyuk (BOS) for Fighting (Major) at 0:06, Richard Zednik (WSH) for Fighting (Major) at 0:06, Marty Turco (WSH) for Delaying the game (Minor) at 7:45 - Shaone Morrisonn served the penalty., Shaone Morrisonn (WSH) for High sticking (Minor) at 11:05, Adrian Aucoin (WSH) for Tripping (Minor) at 12:32, Trent Hunter (WSH) for Holding (Minor) at 14:40, Adrian Aucoin (WSH) for Holding (Minor) at 17:52

Goalie Stats

Marty Turco (WSH), 45 saves from 49 shots - (0.918), L, 10-10-1, 60:00 minutes
Alexander Auld (BOS), 28 saves from 31 shots - (0.903), W, 6-5-2, 60:00 minutes

Players Stats

Capitals
Player Name              G  A  P  +/- PIM S  H  SB FO MP 
-----------------------------------------------------------
Adrian Aucoin            0  0  0  -1  4   2  1  1  0  23 
Alexander Ovechkin       0  0  0  -1  0   3  0  1  7  21 
Andrew Cassels           0  0  0  -1  0   0  0  0  10 11 
Ben Clymer               0  0  0   2  2   1  0  1  0  20 
Brian Pothier            0  0  0   0  0   0  3  1  0  22 
Brian Sutherby           1  0  1   1  0   5  0  0  15 10 
Brooks Laich             0  0  0  -1  4   1  2  0  0  11 
Bryan Muir               0  0  0  -1  2   0  0  0  0  10 
Chris Clark              0  0  0  -1  2   2  0  1  3  19 
Dainius Zubrus           0  0  0  -1  2   2  0  0  37 25 
Ivan Majesky             0  0  0   0  0   0  0  0  0  10 
Matt Pettinger           0  0  0   1  0   1  0  0  0  7  
Patrik Stefan            1  1  2   2  0   1  0  1  25 18 
Rene Bourque             0  1  1   2  2   7  0  0  5  13 
Richard Zednik           0  0  0   0  5   3  1  0  0  5  
Shaone Morrisonn         1  1  2   3  2   1  0  0  0  25 
Steve Eminger            0  0  0  -1  0   0  0  2  0  17 
Trent Hunter             0  1  1   1  6   2  4  0  5  20 
Bruins
Player Name              G  A  P  +/- PIM S  H  SB FO MP 
-----------------------------------------------------------
Alex Zhamnov             0  0  0   0  0   1  0  0  2  6  
Brad Boyes               0  0  0  -1  0   7  0  0  1  17 
Brian Leetch             0  1  1   0  2   1  2  2  0  24 
Glen Murray              0  1  1  -1  0   6  0  0  0  20 
Jay McKee                0  0  0  -1  4   0  1  0  0  10 
Kirk Maltby              0  0  0   0  0   2  0  0  0  7  
Marco Sturm              0  0  0   0  0   4  0  1  3  17 
Mattias Norstrom         0  2  2   1  0   1  0  1  0  17 
P.J. Axelsson            1  0  1   1  0   2  0  0  1  12 
Patrice Bergeron         0  1  1  -1  0   4  0  0  36 23 
Paul Mara                0  1  1  -1  0   2  0  0  0  26 
Pavel Datsyuk            0  0  0  -2  5   2  1  0  38 21 
Rick Nash                1  0  1  -1  7   3  2  0  2  19 
Rostislav Klesla         1  0  1   0  0   1  1  2  0  22 
Sean Avery               1  0  1   1  0   8  1  0  13 13 
Shean Donovan            0  2  2   1  0   1  0  0  1  13 
Wayne Primeau            0  0  0   0  0   1  0  0  10 9  
Zdeno Chara              0  0  0   0  0   3  2  2  0  25 

3 Stars

1 - Shaone Morrisonn (WSH)
2 - Patrik Stefan (WSH)
3 - Marty Turco (WSH)

Power Play

Capitals - 0 on 3 Attempt(s) - 0.00%
Bruins - 2 on 11 Attempt(s) - 18.18%

Penalty Kill

Capitals - 9 on 11 Attempt(s) - 81.82% - Score 0 goal in Penalty Kill
Bruins - 3 on 3 Attempt(s) - 100.00% - Score 0 goal in Penalty Kill

Game Notes

Pavel Datsyuk and Richard Zednik fight to a draw at 0:06 of 3rd period

Finance

Level 1 -- Attendance: 4046 (67.44%) -- Ticket Income $404,600.00
Level 2 -- Attendance: 4235 (88.24%) -- Ticket Income $254,100.00
Level 3 -- Attendance: 1669 (83.46%) -- Ticket Income $58,415.00
Level 4 -- Attendance: 3358 (89.20%) -- Ticket Income $67,160.00
Luxury Box -- Attendance: 807 (80.70%) -- Ticket Income $161,400.00
Game was played at the TD Banknorth Garden
Total Attendance: 14115 (80.36%)
Total Ticket Income: $950,171.40
Other Expense: $114,779.20
Total Income: $835,392.00


Play by Play

Period #1

0:01 of 1st period - Pavel Datsyuk wins face-off versus Dainius Zubrus in neutral zone.
0:23 of 1st period - Richard Zednik is hit by Rick Nash and loses puck.
0:26 of 1st period - Minor Penalty to Rick Nash for Clipping.
0:27 of 1st period - Wayne Primeau wins face-off versus Brian Sutherby in Bruins zone.
0:37 of 1st period - Icing by Alexander Ovechkin.
0:38 of 1st period - Wayne Primeau wins face-off versus Chris Clark in Capitals zone.
1:07 of 1st period - Shot by Chris Clark.
1:07 of 1st period - Stopped by Alexander Auld without a rebound.
1:08 of 1st period - Dainius Zubrus wins face-off versus Wayne Primeau in Bruins zone.
2:21 of 1st period - Shot by Chris Clark.
2:21 of 1st period - Shot Misses the Net.
2:59 of 1st period - Minor Penalty to Rene Bourque for Slashing.
3:00 of 1st period - Pavel Datsyuk wins face-off versus Patrik Stefan in Bruins zone.
3:13 of 1st period - Shot by Zdeno Chara.
3:13 of 1st period - Stopped by Marty Turco without a rebound.
3:14 of 1st period - Trent Hunter wins face-off versus Patrice Bergeron in Capitals zone.
3:33 of 1st period - Shot by Patrice Bergeron.
3:33 of 1st period - Shot Misses the Net.
3:34 of 1st period - Shot by Paul Mara.
3:34 of 1st period - Shot Blocked by Steve Eminger.
3:35 of 1st period - Shot by Rostislav Klesla.
3:35 of 1st period - Goal by Rostislav Klesla.
3:36 of 1st period - Wayne Primeau wins face-off versus Patrik Stefan in neutral zone.
3:48 of 1st period - Icing by Ben Clymer.
3:49 of 1st period - Patrik Stefan wins face-off versus Sean Avery in Capitals zone.
4:02 of 1st period - Shot by Shaone Morrisonn.
4:02 of 1st period - Goal by Shaone Morrisonn.
4:03 of 1st period - Brad Boyes wins face-off versus Dainius Zubrus in neutral zone.
4:11 of 1st period - Minor Penalty to Jay McKee for Cross-checking.
4:11 of 1st period - Minor Penalty to Dainius Zubrus for Holding.
4:12 of 1st period - Brian Sutherby wins face-off versus Pavel Datsyuk in Capitals zone.
4:35 of 1st period - Shot by Glen Murray.
4:35 of 1st period - Stopped by Marty Turco without a rebound.
4:36 of 1st period - Patrice Bergeron wins face-off versus Alexander Ovechkin in Capitals zone.
5:07 of 1st period - Shot by Rene Bourque.
5:07 of 1st period - Stopped by Alexander Auld with a rebound.
5:08 of 1st period - Shot by Adrian Aucoin.
5:08 of 1st period - Stopped by Alexander Auld with a rebound.
5:43 of 1st period - Shot by Brian Sutherby.
5:43 of 1st period - Stopped by Alexander Auld without a rebound.
5:44 of 1st period - Pavel Datsyuk wins face-off versus Trent Hunter in Bruins zone.
6:07 of 1st period - Shot by Pavel Datsyuk.
6:07 of 1st period - Stopped by Marty Turco without a rebound.
6:08 of 1st period - Brian Sutherby wins face-off versus Pavel Datsyuk in Capitals zone.
6:33 of 1st period - Shot by Shean Donovan.
6:33 of 1st period - Shot Misses the Net.
6:34 of 1st period - Shot by Paul Mara.
6:34 of 1st period - Shot Misses the Net.
6:37 of 1st period - Shot by Sean Avery.
6:37 of 1st period - Stopped by Marty Turco without a rebound.
6:37 of 1st period - Minor Penalty to Chris Clark for Elbowing.
6:38 of 1st period - Pavel Datsyuk wins face-off versus Patrik Stefan in Capitals zone.
6:39 of 1st period - Pavel Datsyuk wins face-off versus Patrik Stefan in Capitals zone.
6:40 of 1st period - Shot by Rick Nash.
6:40 of 1st period - Shot Blocked by Patrik Stefan.
6:41 of 1st period - Shot by Zdeno Chara.
6:41 of 1st period - Stopped by Marty Turco without a rebound.
6:42 of 1st period - Patrice Bergeron wins face-off versus Dainius Zubrus in Capitals zone.
7:17 of 1st period - Shot by Brad Boyes.
7:17 of 1st period - Stopped by Marty Turco with a rebound.
7:20 of 1st period - Shot by Brad Boyes.
7:20 of 1st period - Stopped by Marty Turco without a rebound.
7:21 of 1st period - Pavel Datsyuk wins face-off versus Patrik Stefan in Capitals zone.
7:47 of 1st period - Off-side.
7:48 of 1st period - Dainius Zubrus wins face-off versus Patrice Bergeron in neutral zone.
8:44 of 1st period - Shean Donovan is hit by Trent Hunter and loses puck.
8:54 of 1st period - Shot by Sean Avery.
8:54 of 1st period - Stopped by Marty Turco without a rebound.
8:55 of 1st period - Alex Zhamnov wins face-off versus Patrik Stefan in Capitals zone.
9:01 of 1st period - Minor Penalty to Ben Clymer for Charging.
9:02 of 1st period - Patrik Stefan wins face-off versus Pavel Datsyuk in Capitals zone.
9:20 of 1st period - Major Penalty to Rick Nash for Kneeing.
9:21 of 1st period - Brian Sutherby wins face-off versus Pavel Datsyuk in neutral zone.
9:28 of 1st period - Shot by Brian Sutherby.
9:28 of 1st period - Goal by Brian Sutherby.
9:29 of 1st period - Patrice Bergeron wins face-off versus Brian Sutherby in neutral zone.
9:38 of 1st period - Shot by Pavel Datsyuk.
9:38 of 1st period - Shot Misses the Net.
9:43 of 1st period - Shot by Pavel Datsyuk.
9:43 of 1st period - Stopped by Marty Turco with a rebound.
10:24 of 1st period - Shot by Paul Mara.
10:24 of 1st period - Shot Misses the Net.
10:27 of 1st period - Shot by Glen Murray.
10:27 of 1st period - Stopped by Marty Turco without a rebound.
10:28 of 1st period - Dainius Zubrus wins face-off versus Patrice Bergeron in Capitals zone.
10:59 of 1st period - Shot by Rene Bourque.
10:59 of 1st period - Stopped by Alexander Auld without a rebound.
11:00 of 1st period - Pavel Datsyuk wins face-off versus Dainius Zubrus in Bruins zone.
11:21 of 1st period - Shot by Chris Clark.
11:21 of 1st period - Stopped by Alexander Auld without a rebound.
11:22 of 1st period - Trent Hunter wins face-off versus Patrice Bergeron in Bruins zone.
14:32 of 1st period - Icing by Steve Eminger.
14:33 of 1st period - Shean Donovan wins face-off versus Dainius Zubrus in Capitals zone.
15:24 of 1st period - Shot by Kirk Maltby.
15:24 of 1st period - Shot Misses the Net.
15:25 of 1st period - Shot by Kirk Maltby.
15:25 of 1st period - Stopped by Marty Turco without a rebound.
15:26 of 1st period - Patrik Stefan wins face-off versus Pavel Datsyuk in Capitals zone.
15:37 of 1st period - Shot by Rene Bourque.
15:37 of 1st period - Stopped by Alexander Auld without a rebound.
15:38 of 1st period - Trent Hunter wins face-off versus Patrice Bergeron in Bruins zone.
15:38 of 1st period - Andrew Cassels is hit by Rostislav Klesla and loses puck.
15:54 of 1st period - Shot by Andrew Cassels.
15:54 of 1st period - Shot Blocked by Zdeno Chara.
15:55 of 1st period - Shot by Brooks Laich.
15:55 of 1st period - Stopped by Alexander Auld without a rebound.
15:56 of 1st period - Pavel Datsyuk wins face-off versus Patrik Stefan in Bruins zone.
17:15 of 1st period - Shot by Mattias Norstrom.
17:15 of 1st period - Shot Misses the Net.
17:43 of 1st period - Icing by Zdeno Chara.
17:44 of 1st period - Patrice Bergeron wins face-off versus Dainius Zubrus in Bruins zone.
17:46 of 1st period - Minor Penalty to Bryan Muir for Delaying the game.
17:47 of 1st period - Patrice Bergeron wins face-off versus Dainius Zubrus in neutral zone.
18:22 of 1st period - Shot by Brad Boyes.
18:22 of 1st period - Stopped by Marty Turco without a rebound.
18:23 of 1st period - Dainius Zubrus wins face-off versus Pavel Datsyuk in Capitals zone.
18:46 of 1st period - Shot by Rick Nash.
18:46 of 1st period - Stopped by Marty Turco without a rebound.
18:47 of 1st period - Patrice Bergeron wins face-off versus Alexander Ovechkin in Capitals zone.
19:33 of 1st period - Icing by Paul Mara.
19:34 of 1st period - Patrice Bergeron wins face-off versus Trent Hunter in Bruins zone.
19:48 of 1st period - Minor Penalty to Brooks Laich for Holding.
19:49 of 1st period - Patrik Stefan wins face-off versus Pavel Datsyuk in neutral zone.

Period #2

0:01 of 2nd period - Pavel Datsyuk wins face-off versus Dainius Zubrus in neutral zone.
0:55 of 2nd period - Icing by Rostislav Klesla.
0:56 of 2nd period - Patrice Bergeron wins face-off versus Patrik Stefan in Bruins zone.
1:07 of 2nd period - Shot by Brad Boyes.
1:07 of 2nd period - Stopped by Marty Turco without a rebound.
1:08 of 2nd period - Dainius Zubrus wins face-off versus Patrice Bergeron in Capitals zone.
1:31 of 2nd period - Shot by Patrice Bergeron.
1:31 of 2nd period - Stopped by Marty Turco without a rebound.
1:32 of 2nd period - Pavel Datsyuk wins face-off versus Alexander Ovechkin in Capitals zone.
1:56 of 2nd period - Shean Donovan is hit by Brian Pothier and loses puck.
2:00 of 2nd period - Shot by P.J. Axelsson.
2:00 of 2nd period - Stopped by Marty Turco without a rebound.
2:01 of 2nd period - Wayne Primeau wins face-off versus Patrik Stefan in Capitals zone.
2:52 of 2nd period - Shot by Sean Avery.
2:52 of 2nd period - Stopped by Marty Turco with a rebound.
3:15 of 2nd period - Shot by Sean Avery.
3:15 of 2nd period - Shot Misses the Net.
3:18 of 2nd period - Shot by Sean Avery.
3:18 of 2nd period - Stopped by Marty Turco without a rebound.
3:19 of 2nd period - Patrice Bergeron wins face-off versus Dainius Zubrus in Capitals zone.
3:21 of 2nd period - Glen Murray is hit by Brian Pothier and loses puck.
3:26 of 2nd period - Off-side.
3:27 of 2nd period - Dainius Zubrus wins face-off versus Pavel Datsyuk in neutral zone.
3:55 of 2nd period - Chris Clark is hit by Jay McKee and loses puck.
4:14 of 2nd period - Alexander Ovechkin is hit by Pavel Datsyuk and loses puck.
4:34 of 2nd period - Shot by Richard Zednik.
4:34 of 2nd period - Stopped by Alexander Auld without a rebound.
4:35 of 2nd period - Andrew Cassels wins face-off versus Sean Avery in Bruins zone.
4:52 of 2nd period - Shot by Shean Donovan.
4:52 of 2nd period - Shot Misses the Net.
4:56 of 2nd period - Off-side.
4:57 of 2nd period - Dainius Zubrus wins face-off versus Wayne Primeau in neutral zone.
5:07 of 2nd period - Dainius Zubrus is hit by Zdeno Chara and loses puck.
5:26 of 2nd period - Alexander Ovechkin is hit by Brian Leetch and loses puck.
6:27 of 2nd period - Icing by Paul Mara.
6:28 of 2nd period - Sean Avery wins face-off versus Andrew Cassels in Bruins zone.
6:51 of 2nd period - Shot by Alexander Ovechkin.
6:51 of 2nd period - Stopped by Alexander Auld without a rebound.
6:52 of 2nd period - Patrice Bergeron wins face-off versus Dainius Zubrus in Bruins zone.
6:54 of 2nd period - Icing by Zdeno Chara.
6:55 of 2nd period - Patrice Bergeron wins face-off versus Dainius Zubrus in Bruins zone.
7:08 of 2nd period - Shot by Rostislav Klesla.
7:08 of 2nd period - Shot Blocked by Adrian Aucoin.
7:11 of 2nd period - Shot by Patrice Bergeron.
7:11 of 2nd period - Stopped by Marty Turco without a rebound.
7:12 of 2nd period - Andrew Cassels wins face-off versus Pavel Datsyuk in Capitals zone.
7:14 of 2nd period - Minor Penalty to Jay McKee for Hooking.
7:15 of 2nd period - Wayne Primeau wins face-off versus Brian Sutherby in Capitals zone.
8:08 of 2nd period - Shot by Trent Hunter.
8:08 of 2nd period - Shot Misses the Net.
8:08 of 2nd period - Minor Penalty to Trent Hunter for Boarding.
8:09 of 2nd period - Dainius Zubrus wins face-off versus Pavel Datsyuk in Bruins zone.
8:22 of 2nd period - Shot by Dainius Zubrus.
8:22 of 2nd period - Stopped by Alexander Auld without a rebound.
8:23 of 2nd period - Brian Sutherby wins face-off versus Patrice Bergeron in Bruins zone.
8:26 of 2nd period - Shot by Brian Sutherby.
8:26 of 2nd period - Stopped by Alexander Auld without a rebound.
8:27 of 2nd period - Pavel Datsyuk wins face-off versus Brian Sutherby in Bruins zone.
8:35 of 2nd period - Icing by Brian Sutherby.
8:36 of 2nd period - Patrice Bergeron wins face-off versus Brian Sutherby in Capitals zone.
8:47 of 2nd period - Shot by Matt Pettinger.
8:47 of 2nd period - Stopped by Alexander Auld without a rebound.
8:48 of 2nd period - Pavel Datsyuk wins face-off versus Rene Bourque in Bruins zone.
9:00 of 2nd period - Pavel Datsyuk is hit by Adrian Aucoin and loses puck.
9:04 of 2nd period - Shot by Pavel Datsyuk.
9:04 of 2nd period - Shot Hit the Post.
9:05 of 2nd period - Shot by Rostislav Klesla.
9:05 of 2nd period - Shot Blocked by Brian Pothier.
9:12 of 2nd period - Shot by Glen Murray.
9:12 of 2nd period - Stopped by Marty Turco without a rebound.
9:13 of 2nd period - Patrice Bergeron wins face-off versus Brian Sutherby in Capitals zone.
10:03 of 2nd period - Off-side.
10:04 of 2nd period - Patrik Stefan wins face-off versus Pavel Datsyuk in neutral zone.
10:04 of 2nd period - Adrian Aucoin is hit by Zdeno Chara and loses puck.
10:16 of 2nd period - Shot by Trent Hunter.
10:16 of 2nd period - Shot Blocked by Brian Leetch.
10:22 of 2nd period - Minor Penalty to Brian Leetch for Elbowing.
10:22 of 2nd period - Minor Penalty to Brooks Laich for Interference.
10:23 of 2nd period - Pavel Datsyuk wins face-off versus Brian Sutherby in Capitals zone.
10:30 of 2nd period - Shot by Glen Murray.
10:30 of 2nd period - Shot Misses the Net.
11:12 of 2nd period - Icing by Adrian Aucoin.
11:13 of 2nd period - Alexander Ovechkin wins face-off versus Patrice Bergeron in Capitals zone.
11:28 of 2nd period - Shot by Alexander Ovechkin.
11:28 of 2nd period - Stopped by Alexander Auld without a rebound.
11:29 of 2nd period - Rene Bourque wins face-off versus Rick Nash in Bruins zone.
11:43 of 2nd period - Off-side.
11:44 of 2nd period - Patrice Bergeron wins face-off versus Brian Sutherby in neutral zone.
12:23 of 2nd period - Shot by Brian Sutherby.
12:23 of 2nd period - Stopped by Alexander Auld without a rebound.
12:24 of 2nd period - Pavel Datsyuk wins face-off versus Andrew Cassels in Bruins zone.
12:46 of 2nd period - Pavel Datsyuk is hit by Trent Hunter and loses puck.
13:19 of 2nd period - Minor Penalty to Trent Hunter for Charging.
13:20 of 2nd period - Patrice Bergeron wins face-off versus Dainius Zubrus in Capitals zone.
14:02 of 2nd period - Off-side.
14:03 of 2nd period - Patrik Stefan wins face-off versus Pavel Datsyuk in neutral zone.
15:00 of 2nd period - Shot by Marco Sturm.
15:00 of 2nd period - Shot Misses the Net.
15:20 of 2nd period - Icing by Mattias Norstrom.
15:21 of 2nd period - Andrew Cassels wins face-off versus Alex Zhamnov in Bruins zone.
15:36 of 2nd period - Shot by Wayne Primeau.
15:36 of 2nd period - Stopped by Marty Turco with a rebound.
15:40 of 2nd period - Off-side.
15:41 of 2nd period - Patrik Stefan wins face-off versus P.J. Axelsson in neutral zone.
16:01 of 2nd period - Rene Bourque is hit by Sean Avery and loses puck.
16:09 of 2nd period - Shot by Trent Hunter.
16:09 of 2nd period - Shot Misses the Net.
16:10 of 2nd period - Shot by Ben Clymer.
16:10 of 2nd period - Shot Blocked by Mattias Norstrom.
16:11 of 2nd period - Shot by Ben Clymer.
16:11 of 2nd period - Shot Misses the Net.
16:14 of 2nd period - Shot by Rene Bourque.
16:14 of 2nd period - Stopped by Alexander Auld without a rebound.
16:15 of 2nd period - Dainius Zubrus wins face-off versus Pavel Datsyuk in Bruins zone.
16:48 of 2nd period - Shot by Alexander Ovechkin.
16:48 of 2nd period - Shot Blocked by Rostislav Klesla.
17:12 of 2nd period - Icing by Steve Eminger.
17:13 of 2nd period - Dainius Zubrus wins face-off versus Wayne Primeau in Capitals zone.
18:11 of 2nd period - P.J. Axelsson is hit by Trent Hunter and loses puck.
18:15 of 2nd period - Shot by P.J. Axelsson.
18:15 of 2nd period - Goal by P.J. Axelsson.
18:16 of 2nd period - Patrik Stefan wins face-off versus Patrice Bergeron in neutral zone.
18:57 of 2nd period - Shot by Richard Zednik.
18:57 of 2nd period - Stopped by Alexander Auld without a rebound.
18:58 of 2nd period - Pavel Datsyuk wins face-off versus Dainius Zubrus in Bruins zone.
19:09 of 2nd period - Shot by Brad Boyes.
19:09 of 2nd period - Stopped by Marty Turco without a rebound.
19:10 of 2nd period - Sean Avery wins face-off versus Chris Clark in Capitals zone.
19:13 of 2nd period - Shot by Shean Donovan.
19:13 of 2nd period - Stopped by Marty Turco without a rebound.
19:14 of 2nd period - Sean Avery wins face-off versus Andrew Cassels in Capitals zone.

Period #3

0:01 of 3rd period - Pavel Datsyuk wins face-off versus Dainius Zubrus in neutral zone.
0:01 of 3rd period - Brad Boyes is hit by Richard Zednik and loses puck.
0:06 of 3rd period - Pavel Datsyuk and Richard Zednik fight to a draw.
0:06 of 3rd period - Penalty to Pavel Datsyuk for Fighting.
0:06 of 3rd period - Penalty to Richard Zednik for Fighting.
0:07 of 3rd period - Brian Sutherby wins face-off versus Rick Nash in Capitals zone.
0:09 of 3rd period - Ben Clymer is hit by Rick Nash and loses puck.
0:56 of 3rd period - Brian Sutherby is hit by Brian Leetch and loses puck.
0:59 of 3rd period - Icing by Zdeno Chara.
1:00 of 3rd period - Patrice Bergeron wins face-off versus Dainius Zubrus in Bruins zone.
1:05 of 3rd period - Shot by Marco Sturm.
1:05 of 3rd period - Shot Misses the Net.
1:06 of 3rd period - Shot by Brian Leetch.
1:06 of 3rd period - Stopped by Marty Turco without a rebound.
1:07 of 3rd period - Patrice Bergeron wins face-off versus Rene Bourque in Capitals zone.
1:32 of 3rd period - Shot by Dainius Zubrus.
1:32 of 3rd period - Stopped by Alexander Auld with a rebound.
2:45 of 3rd period - Shot by Patrice Bergeron.
2:45 of 3rd period - Stopped by Marty Turco without a rebound.
2:46 of 3rd period - Sean Avery wins face-off versus Dainius Zubrus in Capitals zone.
2:57 of 3rd period - Shot by Rene Bourque.
2:57 of 3rd period - Stopped by Alexander Auld with a rebound.
2:58 of 3rd period - Shot by Adrian Aucoin.
2:58 of 3rd period - Shot Misses the Net.
3:10 of 3rd period - Icing by Adrian Aucoin.
3:11 of 3rd period - Dainius Zubrus wins face-off versus Patrice Bergeron in Capitals zone.
3:24 of 3rd period - Shot by Rick Nash.
3:24 of 3rd period - Shot Misses the Net.
4:00 of 3rd period - Icing by Brian Leetch.
4:01 of 3rd period - Brian Sutherby wins face-off versus Patrice Bergeron in Bruins zone.
4:04 of 3rd period - Shot by Matt Pettinger.
4:04 of 3rd period - Shot Blocked by Brian Leetch.
4:07 of 3rd period - Shot by Matt Pettinger.
4:07 of 3rd period - Shot Misses the Net.
4:08 of 3rd period - Shot by Ivan Majesky.
4:08 of 3rd period - Shot Misses the Net.
4:09 of 3rd period - Shot by Ivan Majesky.
4:09 of 3rd period - Shot Misses the Net.
4:14 of 3rd period - Shot by Brian Sutherby.
4:14 of 3rd period - Stopped by Alexander Auld without a rebound.
4:15 of 3rd period - Dainius Zubrus wins face-off versus Marco Sturm in Bruins zone.
4:24 of 3rd period - Shot by Rene Bourque.
4:24 of 3rd period - Shot Misses the Net.
4:27 of 3rd period - Shot by Dainius Zubrus.
4:27 of 3rd period - Shot Blocked by Rostislav Klesla.
4:28 of 3rd period - Shot by Adrian Aucoin.
4:28 of 3rd period - Shot Hit the Post.
4:29 of 3rd period - Shot by Dainius Zubrus.
4:29 of 3rd period - Shot Misses the Net.
4:32 of 3rd period - Shot by Rene Bourque.
4:32 of 3rd period - Shot Blocked by Marco Sturm.
4:33 of 3rd period - Shot by Adrian Aucoin.
4:33 of 3rd period - Stopped by Alexander Auld with a rebound.
4:36 of 3rd period - Shot by Dainius Zubrus.
4:36 of 3rd period - Stopped by Alexander Auld with a rebound.
4:39 of 3rd period - Shot by Dainius Zubrus.
4:39 of 3rd period - Stopped by Alexander Auld without a rebound.
4:40 of 3rd period - Brian Sutherby wins face-off versus Marco Sturm in Bruins zone.
4:49 of 3rd period - Shot by Brian Sutherby.
4:49 of 3rd period - Shot Misses the Net.
4:58 of 3rd period - Shot by Marco Sturm.
4:58 of 3rd period - Stopped by Marty Turco with a rebound.
4:59 of 3rd period - Shot by Paul Mara.
4:59 of 3rd period - Stopped by Marty Turco without a rebound.
5:00 of 3rd period - Sean Avery wins face-off versus Dainius Zubrus in Capitals zone.
5:57 of 3rd period - Shot by Kirk Maltby.
5:57 of 3rd period - Stopped by Marty Turco with a rebound.
6:34 of 3rd period - Shot by Glen Murray.
6:34 of 3rd period - Stopped by Marty Turco without a rebound.
6:35 of 3rd period - Pavel Datsyuk wins face-off versus Patrik Stefan in Capitals zone.
7:00 of 3rd period - Shot by Patrice Bergeron.
7:00 of 3rd period - Shot Misses the Net.
7:07 of 3rd period - Shot by Patrik Stefan.
7:07 of 3rd period - Goal by Patrik Stefan.
7:08 of 3rd period - Sean Avery wins face-off versus Alexander Ovechkin in neutral zone.
7:19 of 3rd period - Shot by Shean Donovan.
7:19 of 3rd period - Shot Blocked by Steve Eminger.
7:22 of 3rd period - Shot by Shean Donovan.
7:22 of 3rd period - Stopped by Marty Turco with a rebound.
7:27 of 3rd period - Shot by Sean Avery.
7:27 of 3rd period - Shot Misses the Net.
7:28 of 3rd period - Shot by Mattias Norstrom.
7:28 of 3rd period - Stopped by Marty Turco with a rebound.
7:33 of 3rd period - Shot by Sean Avery.
7:33 of 3rd period - Goal by Sean Avery.
7:34 of 3rd period - Wayne Primeau wins face-off versus Patrik Stefan in neutral zone.
7:45 of 3rd period - Shot by Alex Zhamnov.
7:45 of 3rd period - Stopped by Marty Turco without a rebound.
7:45 of 3rd period - Minor Penalty to Marty Turco for Delaying the game.
7:46 of 3rd period - Patrice Bergeron wins face-off versus Andrew Cassels in Capitals zone.
7:51 of 3rd period - Shot by Patrice Bergeron.
7:51 of 3rd period - Shot Misses the Net.
8:38 of 3rd period - Shot by Rick Nash.
8:38 of 3rd period - Stopped by Marty Turco without a rebound.
8:39 of 3rd period - Patrik Stefan wins face-off versus Pavel Datsyuk in Capitals zone.
9:46 of 3rd period - Shot by Shean Donovan.
9:46 of 3rd period - Shot Misses the Net.
9:49 of 3rd period - Shot by P.J. Axelsson.
9:49 of 3rd period - Shot Misses the Net.
9:50 of 3rd period - Shot by Paul Mara.
9:50 of 3rd period - Stopped by Marty Turco without a rebound.
9:51 of 3rd period - Sean Avery wins face-off versus Rene Bourque in Capitals zone.
9:59 of 3rd period - Off-side.
10:00 of 3rd period - Sean Avery wins face-off versus Andrew Cassels in neutral zone.
10:06 of 3rd period - P.J. Axelsson is hit by Brooks Laich and loses puck.
10:19 of 3rd period - Shean Donovan is hit by Brian Pothier and loses puck.
10:26 of 3rd period - Shean Donovan is hit by Trent Hunter and loses puck.
10:41 of 3rd period - Alex Zhamnov is hit by Brooks Laich and loses puck.
10:45 of 3rd period - Shot by Brad Boyes.
10:45 of 3rd period - Stopped by Marty Turco without a rebound.
10:46 of 3rd period - Dainius Zubrus wins face-off versus Pavel Datsyuk in Capitals zone.
10:58 of 3rd period - Off-side.
10:59 of 3rd period - Patrice Bergeron wins face-off versus Alexander Ovechkin in neutral zone.
11:05 of 3rd period - Minor Penalty to Shaone Morrisonn for High sticking.
11:06 of 3rd period - Patrice Bergeron wins face-off versus Dainius Zubrus in Capitals zone.
11:20 of 3rd period - Off-side.
11:21 of 3rd period - Patrik Stefan wins face-off versus Pavel Datsyuk in neutral zone.
11:40 of 3rd period - Shot by Rick Nash.
11:40 of 3rd period - Stopped by Marty Turco with a rebound.
11:41 of 3rd period - Shot by Rick Nash.
11:41 of 3rd period - Shot Misses the Net.
11:44 of 3rd period - Shot by Rick Nash.
11:44 of 3rd period - Shot Misses the Net.
11:47 of 3rd period - Shot by Glen Murray.
11:47 of 3rd period - Shot Blocked by Ben Clymer.
11:48 of 3rd period - Shot by Brian Leetch.
11:48 of 3rd period - Shot Blocked by Chris Clark.
11:49 of 3rd period - Shot by Rick Nash.
11:49 of 3rd period - Goal by Rick Nash.
11:50 of 3rd period - Sean Avery wins face-off versus Rene Bourque in neutral zone.
12:05 of 3rd period - Shot by Shean Donovan.
12:05 of 3rd period - Shot Misses the Net.
12:08 of 3rd period - Shot by Shean Donovan.
12:08 of 3rd period - Shot Misses the Net.
12:19 of 3rd period - Shot by Sean Avery.
12:19 of 3rd period - Stopped by Marty Turco without a rebound.
12:20 of 3rd period - Patrice Bergeron wins face-off versus Dainius Zubrus in Capitals zone.
12:31 of 3rd period - Shot by Marco Sturm.
12:31 of 3rd period - Stopped by Marty Turco without a rebound.
12:32 of 3rd period - Pavel Datsyuk wins face-off versus Andrew Cassels in Capitals zone.
12:32 of 3rd period - Minor Penalty to Adrian Aucoin for Tripping.
12:33 of 3rd period - Dainius Zubrus wins face-off versus Patrice Bergeron in Capitals zone.
13:26 of 3rd period - Shot by Rick Nash.
13:26 of 3rd period - Shot Misses the Net.
13:41 of 3rd period - Shot by Pavel Datsyuk.
13:41 of 3rd period - Shot Misses the Net.
13:44 of 3rd period - Shot by Rick Nash.
13:44 of 3rd period - Shot Misses the Net.
13:45 of 3rd period - Shot by Zdeno Chara.
13:45 of 3rd period - Stopped by Marty Turco without a rebound.
13:46 of 3rd period - Patrik Stefan wins face-off versus Pavel Datsyuk in Capitals zone.
14:40 of 3rd period - Minor Penalty to Trent Hunter for Holding.
14:41 of 3rd period - Patrice Bergeron wins face-off versus Alexander Ovechkin in Capitals zone.
15:24 of 3rd period - Shot by Glen Murray.
15:24 of 3rd period - Shot Misses the Net.
15:25 of 3rd period - Shot by Sean Avery.
15:25 of 3rd period - Stopped by Marty Turco without a rebound.
15:26 of 3rd period - Patrice Bergeron wins face-off versus Dainius Zubrus in Capitals zone.
15:27 of 3rd period - Shot by Marco Sturm.
15:27 of 3rd period - Stopped by Marty Turco without a rebound.
15:28 of 3rd period - Dainius Zubrus wins face-off versus Marco Sturm in Capitals zone.
15:41 of 3rd period - Shot by Brad Boyes.
15:41 of 3rd period - Stopped by Marty Turco with a rebound.
15:54 of 3rd period - Shot by Patrice Bergeron.
15:54 of 3rd period - Stopped by Marty Turco with a rebound.
15:57 of 3rd period - Shot by Patrice Bergeron.
15:57 of 3rd period - Shot Blocked by Alexander Ovechkin.
16:12 of 3rd period - Shot by Glen Murray.
16:12 of 3rd period - Stopped by Marty Turco without a rebound.
16:13 of 3rd period - Pavel Datsyuk wins face-off versus Dainius Zubrus in Capitals zone.
16:21 of 3rd period - Icing by Zdeno Chara.
16:22 of 3rd period - Patrik Stefan wins face-off versus Pavel Datsyuk in Bruins zone.
16:39 of 3rd period - Shot by Pavel Datsyuk.
16:39 of 3rd period - Stopped by Marty Turco with a rebound.
16:44 of 3rd period - Shot by Mattias Norstrom.
16:44 of 3rd period - Shot Misses the Net.
16:49 of 3rd period - Shot by Trent Hunter.
16:49 of 3rd period - Stopped by Alexander Auld without a rebound.
16:50 of 3rd period - Patrik Stefan wins face-off versus Wayne Primeau in Bruins zone.
17:11 of 3rd period - Shot by Patrik Stefan.
17:11 of 3rd period - Shot Blocked by Zdeno Chara.
17:12 of 3rd period - Shot by Ben Clymer.
17:12 of 3rd period - Stopped by Alexander Auld with a rebound.
17:17 of 3rd period - Shot by Patrik Stefan.
17:17 of 3rd period - Stopped by Alexander Auld without a rebound.
17:18 of 3rd period - Dainius Zubrus wins face-off versus Sean Avery in Bruins zone.
17:25 of 3rd period - Shot by Alexander Ovechkin.
17:25 of 3rd period - Shot Misses the Net.
17:30 of 3rd period - Shot by Richard Zednik.
17:30 of 3rd period - Stopped by Alexander Auld without a rebound.
17:31 of 3rd period - Chris Clark wins face-off versus Sean Avery in Bruins zone.
17:48 of 3rd period - Shot by Alexander Ovechkin.
17:48 of 3rd period - Shot Misses the Net.
17:51 of 3rd period - Shot by Alexander Ovechkin.
17:51 of 3rd period - Stopped by Alexander Auld without a rebound.
17:52 of 3rd period - Pavel Datsyuk wins face-off versus Andrew Cassels in Bruins zone.
17:52 of 3rd period - Minor Penalty to Adrian Aucoin for Holding.
17:53 of 3rd period - Patrik Stefan wins face-off versus Patrice Bergeron in Bruins zone.
19:58 of 3rd period - Capitals,Marty Turco is pulled from the net.


Output by the SimonT Hockey Simulator (STHS) for Stephane Roy -- Original Page W3C XHTML 1.0 Valid